 Dungeon Crawl Stone Soup version 0.23-a0-395-gcf17ac6 (webtiles) character file.

1002 Azzok the Firebug (level 8, 52/52 HPs)
             Began as a Demonspawn Fire Elementalist on Nov 1, 2018.
             Quit the game on level 6 of the Dungeon.
             The game lasted 00:07:47 (6715 turns).

Azzok the Firebug (Demonspawn Fire Elementalist)    Turns: 6715, Time: 00:07:48

Health: 52/52      AC:  4    Str:  8    XL:     8   Next: 0%
Magic:  11/14      EV: 12    Int: 19    God:
Gold:   161        SH:  0    Dex: 14    Spells: 7/15 levels left

rFire    . . .     SeeInvis .   s - +3 whip
rCold    . . .     Gourm    .   (no shield)
rNeg     . . .     Faith    .   a - +0 robe
rPois    .         Spirit   .   u - +0 helmet
rElec    .         Reflect  .   y - +0 cloak
rCorr    .         Harm     .   (no gloves)
MR       .....                  (no boots)
Stlth    ++........             (no amulet)
HPRegen  0.17/turn              (no ring)
MPRegen  0.14/turn              (no ring)

@: no status effects
A: claws 2, demonic guardian 1, powered by pain 1
a: no special abilities


You were on level 6 of the Dungeon.
You were not hungry.

You visited 1 branch of the dungeon, and saw 6 of its levels.
You also visited: Sewer.

You collected 161 gold pieces.

Inventory:

Hand Weapons
 s - a +3 whip (weapon)
Armour
 a - a +0 robe (worn)
 u - a +0 helmet (worn)
 y - a +0 cloak (worn)
Jewellery
 x - an uncursed ring of fire {unknown}
Scrolls
 e - 6 scrolls of identify {unknown}
 f - 3 scrolls of teleportation {unknown}
 i - a scroll of random uselessness {unknown}
 j - 2 scrolls of amnesia {unknown}
 l - 4 scrolls of enchant weapon {unknown}
 m - a scroll of fog {unknown}
 n - a scroll of noise {unknown}
 t - 4 scrolls of fear {unknown}
 v - 2 scrolls of remove curse {unknown}
 w - 2 scrolls of blinking {unknown}
 B - 4 scrolls of magic mapping {unknown}
Potions
 b - a potion of resistance {unknown}
 d - 2 potions of might {unknown}
 g - 2 potions of lignification {unknown}
 h - 2 potions of heal wounds {unknown}
 k - 2 potions of agility {unknown}
 o - a potion of haste {unknown}
 p - a potion of degeneration {unknown}
 q - 2 potions of mutation {unknown}
 r - 2 potions of curing {unknown}
 z - a potion of flight {unknown}
 A - a potion of ambrosia {unknown}
 C - a potion of berserk rage {unknown}
Comestibles
 c - 5 rations


   Skills:
 - Level 1.7 Dodging
 - Level 1.7 Stealth
 + Level 4.4 Spellcasting
 + Level 5.7 Conjurations
 + Level 5.9 Fire Magic


You had 7 spell levels left.
You knew the following spells:

 Your Spells              Type           Power        Failure   Level  Hunger
a - Flame Tongue          Conj/Fire      ####.        1%          1    None
b - Conjure Flame         Conj/Fire      ####....     3%          3    ###....
c - Sticky Flame          Conj/Fire      ####....     12%         4    ####...

Your spell library contained the following spells:

 Spells                   Type           Power        Failure   Level  Hunger
 Throw Flame              Conj/Fire      ####..       1%          2    #......
 Inner Flame              Hex/Fire       ###.....     12%         3    ###....
 Fireball                 Conj/Fire      ####......   32%         5    ######.


Dungeon Overview and Level Annotations

Branches:
Dungeon (6/15)
 Temple: D:4-7

Altars:
Ru
Xom
Zin
The Shining One


Innate Abilities, Weirdness & Mutations

You have very sharp fingernails.
A weak demonic guardian rushes to your aid.
You sometimes gain a little power by taking damage.


Message History

An adder comes into view.
The adder hisses angrily.
An adder is nearby!
Casting: Flame Tongue (safe; 1% risk of failure)
Confirm with . or Enter, or press ? or * to list all spells.
Aiming: Flame Tongue (safe; 1% risk of failure)
Press: ? - help, Shift-Dir - straight line, f - adder
Aim: an adder The flame tongue misses the adder.
Casting: Flame Tongue (safe; 1% risk of failure)
Confirm with . or Enter, or press ? or * to list all spells.
Aiming: Flame Tongue (safe; 1% risk of failure)
Press: ? - help, Shift-Dir - straight line, f/p - adder
Aim: an adder The flame tongue hits the adder.
You kill the adder!
You have reached level 8!
You feel agile.
Your demonic ancestry asserts itself...
You feel the presence of a demonic guardian.
Are you sure you want to abandon this character and quit the game? (Confirm

▒▒▒ ··· ▒·· ▒·▒
▒▒▒·▒▒▒▒▒▒▒▒
▒····@·····▒ ▒
▒·▒·▒▒▒······ ▒·
▒·▒·▒ ·····
▒·▒·▒▒▒·▒·▒ ····
▒·▒···▒·▒·▒ ···
▒▒·······▒·▒▒▒▒▒▒
▒▒
···(··············
·▒····(▒▒▒▒▒▒▒▒·▒
▒▒···▒·········


There were no monsters in sight!

Vanquished Creatures
  Grinder (D:5)
  An ice beast (D:5)
  A sky beast (D:5)
  2 ogres
  Blork the orc (D:5)
  A scorpion (D:4)
  A centaur zombie (D:5)
  2 orc priests
  2 orc wizards (D:4)
  A worker ant (D:5)
  A hound zombie (D:6)
  6 adders
  A shadow imp (D:5)
  2 adder zombies
  3 worms
  A dart slug (D:2)
  4 leopard geckos
  8 orcs
  8 hobgoblins
  6 jackals
  A quokka (D:5)
  A ball python (D:1)
  9 bats
  3 frilled lizards
  10 goblins
  5 kobolds
  7 rats
89 creatures vanquished.

Notes
Turn   | Place    | Note
-------+----------+-------------------------------------------
     0 | D:1      | Azzok the Demonspawn Fire Elementalist began the quest for
                  | the Orb.
     0 | D:1      | Reached XP level 1. HP: 13/13 MP: 3/3
   659 | D:1      | Gained mutation: You sometimes gain a little power by
                  | taking damage. [demonic ancestry]
   659 | D:1      | Reached XP level 2. HP: 16/19 MP: 0/5
  1499 | D:2      | Reached XP level 3. HP: 24/24 MP: 4/6
  1504 | D:2      | Learned a level 3 spell: Conjure Flame
  2741 | D:3      | Reached XP level 4. HP: 30/30 MP: 4/7
  3150 | D:3      | Found a glowing drain.
  3165 | Sewer    | Entered a sewer
  3207 | Sewer    | Noticed Purgy
  3762 | D:4      | Reached XP level 5. HP: 27/35 MP: 0/8
  3768 | D:4      | Learned a level 4 spell: Sticky Flame
  4044 | D:4      | Noticed an ogre
  4062 | D:4      | Killed an ogre
  4198 | D:4      | Gained mutation: You have sharp fingernails. [demonic
                  | ancestry]
  4198 | D:4      | Reached XP level 6. HP: 13/41 MP: 7/9
  5396 | D:5      | Entered Level 5 of the Dungeon
  5600 | D:5      | Noticed a sky beast
  5606 | D:5      | Killed a sky beast
  5606 | D:5      | Reached skill level 5 in Fire Magic
  5606 | D:5      | Gained mutation: You have very sharp fingernails. [demonic
                  | ancestry]
  5606 | D:5      | Reached XP level 7. HP: 30/46 MP: 4/12
  5850 | D:5      | Found a sacrificial altar of Ru.
  5910 | D:5      | Noticed Grinder
  5915 | D:5      | Killed Grinder
  5915 | D:5      | Reached skill level 5 in Conjurations
  6358 | D:5      | Found a glowing golden altar of the Shining One.
  6359 | D:5      | Found a shimmering altar of Xom.
  6360 | D:5      | Found a glowing silver altar of Zin.
  6360 | D:5      | Noticed Blork the orc
  6370 | D:5      | Killed Blork the orc
  6714 | D:6      | Gained mutation: A weak demonic guardian rushes to your
                  | aid. [demonic ancestry]
  6714 | D:6      | Reached XP level 8. HP: 52/52 MP: 11/14
  6715 | D:6      | Quit the game

Vault maps used:
D:1:      dpeg_arrival_boxes_within_box
D:3:      cheibrodos_sewer_entry_bend, first_ration
D:5:      nicolae_ru_path_of_blood, chequers_temple_overflow_statue_of_worship,
          uniq_blork_the_orc, uniq_grinder
D:6:      minmay_opposing_rooms, minmay_temple_entry_crystal_x,
          chequers_ossuary_entry_cave, minivault_14, uniq_crazy_yiuf_cottage
Sewer:    kennysheep_door_sewer

Skill      XL: |  1  2  3  4  5  6  7 |
---------------+----------------------+-----
Fire Magic     | 3 4 5 |  5.9
Conjurations   | 2 3 4 5 |  5.7
Spellcasting   | 3 4 |  4.4
Dodging        | |  1.7
Stealth        | |  1.7

Action                   |  1- 3 |  4- 6 |  7- 9 || total
-------------------------+-------+-------+-------++-------
Melee: Unarmed           |     8 |       |       ||     8
       Short sword       |     9 |     2 |       ||    11
       Whip              |       |     2 |     7 ||     9
 Cast: Flame Tongue      |    76 |    83 |    29 ||   188
       Conjure Flame     |       |     1 |     2 ||     3
       Sticky Flame      |       |     3 |     3 ||     6
  Eat: Chunk             |     7 |    10 |     2 ||    19
       Ration            |       |       |     1 ||     1
Armor: Robe              |     7 |    10 |     2 ||    19
Dodge: Dodged            |    25 |    25 |     7 ||    57

Table legend:
 A = Non-vault XP
 B = Vault XP
 C = Vault XP percentage of total XP
 D = Non-vault monster count
 E = Vault monster count
 F = Vault count percentage of total count
                 A         B        C        D         E       F
            +---------+---------+-------+---------+---------+-------
      Total |    1027 |     405 |  28.3 |      79 |      10 |  11.2
            +---------+---------+-------+---------+---------+-------
        D:1 |      23 |       0 |   0.0 |      14 |       0 |   0.0
        D:2 |      44 |       0 |   0.0 |      21 |       0 |   0.0
        D:3 |     114 |      11 |   8.8 |      20 |       2 |   9.1
        D:4 |     344 |       0 |   0.0 |      14 |       0 |   0.0
        D:5 |     481 |     375 |  43.8 |       9 |       2 |  18.2
        D:6 |      21 |      13 |  38.2 |       1 |       1 |  50.0
      Sewer |       0 |       6 | 100.0 |       0 |       5 | 100.0
            +---------+---------+-------+---------+---------+-------
